 Dungeon Crawl Stone Soup version 0.23.0 (webtiles) character file.

Game seed: 6077230151295392700

2514 Ivernyr the Destroyer (level 9, 0/68 HPs)
             Began as a Naga Wizard on Feb 18, 2019.
             Slain by an ogre
             ... wielding a +0 giant club
              (13 damage)
             ... on level 6 of the Dungeon.
             The game lasted 00:43:41 (5516 turns).

Ivernyr the Destroyer (Naga Wizard)                 Turns: 5516, Time: 00:43:43

Health: 0/68       AC: 13    Str: 10    XL:     9   Next: 53%
Magic:  2/19       EV: 12    Int: 21    God:
Gold:   256        SH:  0    Dex: 10    Spells: 13/22 levels left

rFire    . . .     SeeInvis +   f - +2 flail (protect)
rCold    . . .     Gourm    +   (no shield)
rNeg     . . .     Faith    .   a - +0 robe
rPois    +         Spirit   .   l - +2 hat
rElec    .         Reflect  .   t - scarf {repulsion}
rCorr    .         Harm     .   (no gloves)
MR       +....                  (no barding)
Stlth    ++........             o - amulet of the gourmand
HPRegen  0.21/turn              (no ring)
MPRegen  0.16/turn              (no ring)

@: about to teleport, short of breath, protection aura, very slightly
contaminated, repel missiles, very slow
A: large, see invisible, deformed body, poison resistance, slowness 2, slow
metabolism 1, spit poison 1, AC +3
a: Spit Poison


You were on level 6 of the Dungeon.
You were completely stuffed.

You visited 1 branch of the dungeon, and saw 6 of its levels.

You collected 256 gold pieces.

Inventory:

Hand Weapons
 f - a +2 flail of protection (weapon)
Armour
 a - a +0 robe (worn)
 l - a +2 hat (worn)
 t - a scarf of repulsion (worn)
Jewellery
 o - an amulet of the gourmand (around neck)
Scrolls
 c - 4 scrolls of remove curse
 e - 5 scrolls of identify
 k - a scroll of immolation {unknown}
 n - 2 scrolls of fog
 p - 2 scrolls of magic mapping
 q - a scroll of teleportation
 s - a scroll of noise {unknown}
Potions
 b - a potion of ambrosia {unknown}
 g - 3 potions of curing {unknown}
 h - 3 potions of might {unknown}
 i - a potion of haste {unknown}
 j - 2 potions of flight {unknown}
 m - a potion of heal wounds {unknown}
 r - a potion of brilliance {unknown}
 u - 2 potions of degeneration {unknown}
Comestibles
 d - 10 rations


   Skills:
 + Level 5.4 Dodging
 - Level 3.0 Stealth
 * Level 7.0 Spellcasting
 + Level 8.5 Conjurations
   Level 1.0 Summonings
 - Level 1.0 Translocations


You had 13 spell levels left.
You knew the following spells:

 Your Spells              Type           Power        Failure   Level  Hunger
a - Magic Dart            Conj           ####         1%          1    None
b - Blink                 Tloc           N/A          9%          2    None
c - Conjure Flame         Conj/Fire      ####....     4%          3    #......
d - Mephitic Cloud        Conj/Pois/Air  ###.....     9%          3    #......

Your spell library contained the following spells:

 Spells                   Type           Power        Failure   Level  Hunger
 Call Imp                 Summ           ##......     9%          2    None
 Slow                     Hex            #.......     13%         2    None


Dungeon Overview and Level Annotations

Branches:
Dungeon (6/15)
 Temple: D:4-7

Altars:
Nemelex Xobeh
Ru
Zin

Shops:
D:4 =


Innate Abilities, Weirdness & Mutations

You cannot wear boots.
Your serpentine skin is tough. (AC +3)
You have supernaturally acute eyesight. (SInv)
Armour fits poorly on your strangely shaped body.
Your system is resistant to poisons. (rPois)
You cover ground very slowly.
You have a slow metabolism.
You can spit poison.


Message History

The bullfrog skeleton barely misses you.
The orc wizard mumbles some strange words.
The orc wizard flickers and vanishes for a moment.
The adder zombie barely misses you. The bullfrog skeleton hits you.
* * * LOW HITPOINT WARNING * * *
Press: ? - help, Shift-Dir - straight line, f - ogre, p - ogre
Aim: an ogre, wielding a +0 giant club The splash of poison hits the ogre.
The ogre is poisoned.
The ogre is lightly wounded.
You feel slightly less full. The adder zombie barely misses you.
The bullfrog skeleton misses you. The adder zombie bites you.
* * * LOW HITPOINT WARNING * * *
You hit the adder zombie.
The adder zombie is severely damaged.
The bullfrog skeleton barely misses you.
The bullfrog skeleton hits you but does no damage.
The ogre barely misses the adder zombie.
The adder zombie bites you but does no damage.
The ogre hits you with a +0 giant club!
You die...

.. ## #####
#@O(#
#ZZ)..#
#.Oo...†'..
#...8...##.
'.......#
.##.....##
.# ##)(?##
## #####


You could see 2 ogres, an orc wizard (invisible), an adder zombie and a bullfrog
skeleton.

Vanquished Creatures
  A two-headed ogre (D:5)
  Sigmund (D:2)
  Edmund (D:4)
  Duvessa (D:5)
  An orc warrior (D:4)
  A sky beast (D:3)
  3 ogres
  A phantom (D:6)
  2 centaurs
  A bullfrog (D:6)
  A scorpion (D:4)
  Dowan (D:5)
  A howler monkey (D:5)
  2 hounds
  A jelly (D:5)
  4 orc priests
  6 orc wizards
  6 worker ants
  3 gnolls (D:5)
  A howler monkey skeleton (D:2)
  2 adders
  3 oozes (D:1)
  An adder zombie (D:4)
  An adder skeleton (D:5)
  4 worms
  4 leopard geckos
  16 orcs
  3 ball pythons
  5 bats
  11 giant cockroaches
  7 hobgoblins
  7 jackals (D:1)
  10 kobolds
  A quokka (D:6)
  5 frilled lizards
  3 goblins
  A jackal skeleton (D:5)
  A leopard gecko zombie (D:6)
  9 rats
133 creatures vanquished.

Vanquished Creatures (others)
  An orc wizard (D:4)
1 creature vanquished.

Grand Total: 134 creatures vanquished

Notes
Turn   | Place    | Note
-------+----------+-------------------------------------------
     0 | D:1      | Ivernyr the Naga Wizard began the quest for the Orb.
     0 | D:1      | Reached XP level 1. HP: 15/15 MP: 4/4
   263 | D:1      | Reached XP level 2. HP: 22/22 MP: 6/6
   267 | D:1      | Learned a level 2 spell: Blink
   618 | D:1      | Reached XP level 3. HP: 21/28 MP: 1/8
   682 | D:1      | Learned a level 3 spell: Conjure Flame
   686 | D:1      | Learned a level 3 spell: Mephitic Cloud
  1140 | D:1      | Reached skill level 2 in Conjurations
  1648 | D:2      | Reached XP level 4. HP: 36/36 MP: 5/9
  2047 | D:2      | Noticed Sigmund
  2057 | D:2      | Killed Sigmund
  2057 | D:2      | Reached skill level 3 in Conjurations
  2057 | D:2      | Reached XP level 5. HP: 42/42 MP: 2/11
  2057 | D:2      | Reached XP level 6. HP: 49/49 MP: 2/12
  2554 | D:3      | Noticed a sky beast
  2566 | D:3      | Killed a sky beast
  2566 | D:3      | Reached skill level 4 in Conjurations
  2755 | D:3      | Found a glowing silver altar of Zin.
  2758 | D:3      | Found a sparkling altar of Nemelex Xobeh.
  2957 | D:4      | Reached XP level 7. HP: 38/55 MP: 1/13
  3053 | D:4      | Found Aginufuc's Jewellery Shop.
  3191 | D:4      | Found a sacrificial altar of Ru.
  3328 | D:4      | Reached skill level 5 in Conjurations
  3569 | D:4      | Noticed Edmund
  3582 | D:4      | Killed Edmund
  3582 | D:4      | Reached skill level 5 in Spellcasting
  3770 | D:4      | Reached skill level 6 in Conjurations
  3770 | D:4      | Reached XP level 8. HP: 56/62 MP: 9/15
  4379 | D:5      | Entered Level 5 of the Dungeon
  4479 | D:5      | Noticed a two-headed ogre
  4489 | D:5      | Killed a two-headed ogre
  4489 | D:5      | Reached skill level 7 in Conjurations
  4489 | D:5      | Reached XP level 9. HP: 27/68 MP: 7/18
  4795 | D:5      | Noticed Duvessa
  4795 | D:5      | Noticed Dowan
  4803 | D:5      | Killed Dowan
  4822 | D:5      | Killed Duvessa
  4822 | D:5      | Reached skill level 5 in Dodging
  4822 | D:5      | Reached skill level 8 in Conjurations
  5516 | D:6      | Slain by an ogre

Skill      XL: |  1  2  3  4  5  6  7  8  9 |
---------------+----------------------------+-----
Dodging        | 2 3 4 5 |  5.4
Conjurations   | 2 3 4 6 7 8 |  8.5
Spellcasting   | 4 5 6 7 |  7.0
Stealth        | |  3.0
Summonings     | |  1.0
Translocations | |  1.0

Action                   |  1- 3 |  4- 6 |  7- 9 || total
-------------------------+-------+-------+-------++-------
Melee: Mace              |    22 |    14 |       ||    36
       Trident           |       |    14 |    43 ||    57
       Flail             |       |       |    79 ||    79
 Cast: Magic Dart        |    62 |    60 |    73 ||   195
       Mephitic Cloud    |       |     2 |    15 ||    17
       Conjure Flame     |       |     1 |    13 ||    14
 Abil: Spit Poison       |    21 |    15 |    38 ||    74
  Use: Scroll            |       |       |     5 ||     5
 Stab: Confused          |       |       |     4 ||     4
  Eat: Chunk             |     2 |     5 |    18 ||    25
Armor: Robe              |    10 |     9 |    47 ||    66
Dodge: Dodged            |    31 |    22 |    84 ||   137
       Deflected         |       |       |     4 ||     4
